 Dungeon Crawl Stone Soup version 0.29-a0-330-g52719c12eb (webtiles) character file.

Game seed: 9321407796047412282

127 Gwenloh the Ruffian (level 4, -6/37 HPs)
             Began as a Draconian Transmuter on May 13, 2022.
             Splashed by a jelly's acid (7 damage)
             ... in a sewer.
             The game lasted 00:05:41 (1496 turns).

Gwenloh the Ruffian (Draconian Transmuter)          Turns: 1496, Time: 00:05:42

Health: -6/37      AC: -7    Str: 12    XL:     4   Next: 85%
Magic:  6/8        EV:  9    Int: 16    God:
Gold:   109        SH:  0    Dex: 11    Spells: 5/8 levels left

rFire   + . .      SeeInvis .     - Unarmed
rCold   . . .      Faith    .   (no shield)
rNeg    . . .      Spirit   .   (body armour unavailable)
rPois   .          Reflect  .   (helmet currently unavailable)
rElec   .          Harm     .   (no cloak)
rCorr   .          Rampage  .   (no gloves)
Will    .....                   (boots currently unavailable)
Stlth   +.........              (no amulet)
HPRegen 0.12/turn               i - ring of protection from fire
MPRegen 0.11/turn               (no ring)

@: appendages, wereblooded, corroded, constricted
A: horns 2, talons 2, AC +5, unfitting armour, cold-blooded
a: End Transformation


You were in a sewer.
You had temporarily grown beastly horns and talons.
You visited 1 branch of the dungeon, and saw 3 of its levels.
You also visited: Sewer.

You collected 109 gold pieces.

Inventory:

Missiles
 h - 8 poisoned darts
Jewellery
 i - a ring of protection from fire (left hand)
Scrolls
 c - a scroll of teleportation
 f - a scroll of fog {unknown}
 g - a scroll of vulnerability {unknown}
 j - a scroll of blinking {unknown}
 m - a scroll of enchant armour {unknown}
 n - a scroll of fear {unknown}
 p - a scroll of brand weapon {unknown}
Potions
 a - a potion of lignification
 b - 3 potions of invisibility {unknown}
 d - a potion of haste {unknown}
 e - a potion of brilliance {unknown}
 k - 2 potions of curing {unknown}
 l - a potion of mutation {unknown}
 o - a potion of resistance {unknown}
 q - a potion of heal wounds {unknown}


   Skills:
 + Level 2.4 Fighting
 + Level 2.6 Dodging
 + Level 3.6 Unarmed Combat
 + Level 2.7 Spellcasting
 + Level 2.9 Transmutations


You had 5 spell levels left.
You knew the following spells:

 Your Spells              Type           Power      Damage    Failure   Level
a - Beastly Appendage     Tmut           22%        N/A       6%          1
b - Wereblood             Tmut           11%        N/A       9%          2

Your spell library contained the following spells:

 Spells                   Type           Power      Damage    Failure   Level
 Spider Form              Tmut/Pois      6%         N/A       32%         3
 Ice Form                 Ice/Tmut       6%         N/A       71%         4
 Blade Hands              Tmut           5%         N/A       86%         5
 Irradiate                Conj/Tmut      3%         3d14      96%         5
 Dragon Form              Tmut           5%         N/A       100%        7


Dungeon Overview and Level Annotations

Branches:
Dungeon (3/15)              Sewer (1/1)

Altars:


Innate Abilities, Weirdness & Mutations

You have temporarily grown beastly horns and talons.
Your plain brown scales are hard. (AC +5)
You cannot fit into any form of body armour.
You are cold-blooded and may be slowed by cold attacks.


Message History

The ball python bites you. The ball python barely misses you.
The rat twitches its whiskers.
You hit the jelly. The acid corrodes you!
Your hands burn!
Your headbutt misses the jelly.
The jelly is moderately wounded.
The ball python bites you. The ball python misses you.
The jelly barely misses you.
You hit the jelly. The acid corrodes you!
Your hands burn!
The jelly is heavily wounded.
The ball python bites you. The ball python completely misses you.
The jelly hits you.
You are splashed with acid.
The ball python barely misses you. The ball python grabs you.
The ball python constricts you.
You are too injured to fight recklessly!
You are too injured to fight recklessly!
You escape the ball python's grasp.
You are too injured to fight recklessly!
You are too injured to fight recklessly!
You completely miss the jelly. You claw the jelly, but do no damage.
You headbutt the jelly.
The jelly is heavily wounded.
You howl as the wereblood boils in your veins!
The jelly barely misses you.
You hit the jelly. The acid corrodes you!
Your hands burn!
* * * LOW HITPOINT WARNING * * *
The jelly is severely wounded.
The ball python bites you.
* * * LOW HITPOINT WARNING * * *
The ball python closely misses you. The jelly closely misses you.
You hit the jelly but do no damage.
Your hands burn!
* * * LOW HITPOINT WARNING * * *
You tail-slap the jelly.
The jelly is almost dead.
The ball python barely misses you. The ball python grabs you.
The ball python constricts you.
* * * LOW HITPOINT WARNING * * *
The jelly hits you.
* * * LOW HITPOINT WARNING * * *
You are splashed with acid!
You die...

##≈≈≈...####≈..≈≈##
####....≈†.≈##.≈≈≈###
##≈≈....###...≈†≈≈##
#≈≈..≈.##.##.≈≈≈≈##
..≈≈##..#..≈##≈.≈≈#
≈.≈ #.≈##.≈..≈..≈##
≈≈ #≈..##≈≈..≈≈.≈#
##∩≈.≈≈..≈≈#...#
##..≈.#@..##≈..≈
######JS## #≈≈≈ #.r.#
...≈## ...≈.##
≈≈..≈## #...# ####


You could see a jelly, a ball python and a rat.

Vanquished Creatures
  A jelly (Sewer)
  3 adders
  2 worms
  An orc (D:3)
  3 ball pythons (Sewer)
  4 bats
  7 endoplasms
  8 giant cockroaches
  5 goblins
  4 hobgoblins (D:2)
  4 quokkas
  6 frilled lizards
  2 kobolds (D:2)
  12 rats
62 creatures vanquished.

Notes
Turn   | Place    | Note
-------+----------+-------------------------------------------
     0 | D:1      | Gwenloh the Draconian Transmuter began the quest for the
                  | Orb.
     0 | D:1      | Reached XP level 1. HP: 16/16 MP: 3/3
   113 | D:1      | You fall into a shaft and drop 1 floor!
   124 | D:2      | Reached XP level 2. HP: 23/23 MP: 3/5
   214 | D:2      | Reached XP level 3. HP: 29/29 MP: 6/6
   448 | D:1      | Learned a level 2 spell: Wereblood
  1227 | D:3      | Found a glowing drain.
  1231 | Sewer    | Entered a sewer
  1265 | Sewer    | Reached XP level 4. HP: 35/36 MP: 5/7
  1496 | Sewer    | HP: 1/37 [jelly (2)]
  1496 | Sewer    | Splashed by a jelly's acid

Illustrated notes

Levels and vault maps discovered:
D:1:      dpeg_arrival_shelter, layout_rooms
D:2:      layout_rooms
D:3:      layout_rooms, gup_sewer_entry_spiral,
          hellmonk_ecumenical_altar_dog_temple, st_stairs_12, uniq_grinder
Sewer:    sewer_hellmonk_slimy_pipes

Skill      XL: |  1  2  3 |
---------------+----------+-----
Dodging        | 2 |  2.6
Fighting       | 2 |  2.4
Unarmed Combat | |  3.6
Spellcasting   | |  2.7
Transmutations | |  2.9

Action                   |  1- 3 |  4- 6 || total
-------------------------+-------+-------++-------
Melee: Unarmed           |   110 |    40 ||   150
       Headbutt          |    19 |     5 ||    24
       Kick              |    24 |     7 ||    31
       Tailslap          |     7 |     3 ||    10
       Punch             |     1 |       ||     1
 Cast: Beastly Appendage |    24 |     4 ||    28
       Wereblood         |     3 |     2 ||     5
  Use: Scroll            |     1 |       ||     1
Armor: Skin              |    32 |     7 ||    39
Dodge: Dodged            |    52 |    28 ||    80

Table legend: (Time is in decaauts)
 A = Elapsed time spent in this place.
 B = Non-inter-level travel time spent in this place.
 C = Inter-level travel time spent in this place.
 D = Time resting spent in this place.
 E = Time spent auto-exploring this place.
 F = Levels seen in this place.
 G = Mean time per level.
                   A        B        C        D        E       F      G
               +--------+--------+--------+--------+--------+-----+--------+
         Total |   1514 |   1463 |     51 |    124 |    837 |   4 |  378.5 |
       Dungeon |   1243 |   1192 |     51 |      0 |    813 |   3 |  414.3 |
         Sewer |    271 |    271 |      0 |    124 |     24 |   1 |  271.0 |
               +--------+--------+--------+--------+--------+-----+--------+

Top non-repeatable levels by time:
     D:1: 514 daAuts
     D:2: 477 daAuts
   Sewer: 271 daAuts
     D:3: 251 daAuts
